 Dungeon Crawl Stone Soup version 0.32-a0-834-geaf45d8e21 (webtiles) character file.

Game seed: 9767470294503082234

8 tilp the Vexing (level 2, 0/15 HPs)
             Began as a Vampire Enchanter on Mar 25, 2024.
             Slain by a goblin
             ... wielding a +0 dagger
              (1 damage)
             ... on level 1 of the Dungeon.
             The game lasted 00:00:51 (169 turns).

tilp the Vexing (Vampire Enchanter)                  Turns: 169, Time: 00:00:52

Health: 0/15       AC:  2    Str:  7    XL:     2   Next: 0%
Magic:  5/5        EV: 11    Int: 17    God:
Gold:   50         SH:  0    Dex: 14    Spells: 5/5 levels left

rFire   . . .        a - +1 dagger
rCold   + + .        (no shield)
rNeg    + + +        b - +0 robe
rPois   ∞            (no helmet)
rElec   .            (no cloak)
rCorr   .            (no gloves)
SInv    +            (no boots)
Will    .....        (no amulet)
Stlth   +++++        (no ring)
HPRegen 0.00/turn    (no ring)
MPRegen 0.09/turn

%: no passive effects
@: bloodless, inhibited regen
A: bloodless, fangs 3, see invisible, vampiric 1
a: Revivify


You were on level 1 of the Dungeon.
You visited 1 branch of the dungeon, and saw 1 of its levels.

You collected 50 gold pieces.

Inventory:

Hand Weapons
 a - a +1 dagger (weapon)
Armour
 b - a +0 robe (worn)
Potions
 c - 2 potions of invisibility
 d - a potion of enlightenment {unknown}


   Skills:
 * Level 0.3 Fighting
 + Level 1.1(1.2) Short Blades
 * Level 0.3(0.8) Long Blades
 + Level 0.4 Armour
 + Level 2.2 Dodging
 + Level 4.4 Stealth
 + Level 0.0 Shields
 + Level 2.0 Spellcasting
 * Level 4.5 Hexes
 + Level 0.0 Evocations


You had 5 spell levels left.
You didn't know any spells.
Your spell library contained the following spells:

 Spells                   Type           Power      Damage    Failure   Level
 Confusing Touch          Hex            17%        N/A       9%          3
 Tukima's Dance           Hex            17%        N/A       9%          3
 Ensorcelled Hibernation  Hex/Ice        18%        N/A       12%         2
 Dazzling Flash           Conj/Hex       18%        N/A       22%         3


Dungeon Overview and Level Annotations

Branches:
Dungeon (1/15)

Altars:


Innate Abilities, Weirdness & Mutations

You do not regenerate when monsters are visible.
You are frail without blood (-20% HP).
You can heal yourself when you bite living creatures.
You are immune to poison.
You have razor-sharp teeth.
You have supernaturally acute eyesight. (SInv)
You are afflicted with vampirism.


Message History

The giant cockroach is almost dead.
The giant cockroach closely misses you.
You barely miss the giant cockroach. You bite the giant cockroach.
You kill the giant cockroach!
No target in view!
You now have 50 gold pieces (gained 15).
An endoplasm comes into view.
An endoplasm is nearby!
The helpless endoplasm fails to defend itself.
You impale the endoplasm!!
You kill the endoplasm!
d - a green potion A ball python comes into view.
Found a scroll labelled WOMEZUIPPU.
A ball python is nearby!
A goblin comes into view. It is wielding a +0 dagger.
The goblin shouts!
Found a leather armour.
The ball python bites you. The ball python barely misses you.
You barely miss the ball python. The ball python barely misses you.
The ball python grabs you. The ball python constricts you.
The ball python bites you. The ball python constricts you.
You are too injured to fight recklessly!
You are too injured to fight recklessly!
You hit the ball python.
The ball python is severely wounded.
The ball python bites you.
* * * LOW HITPOINT WARNING * * *
The ball python constricts you.
* * * LOW HITPOINT WARNING * * *
You hit the ball python.
You kill the ball python!
You have reached level 2!
You hit the goblin.
The goblin is severely wounded.
The goblin barely misses you.
You closely miss the goblin.
The goblin is severely wounded.
The goblin hits you with a +0 dagger.
You die...

...............♣~~.~...≈....).
#####.###.###..~...~≈.........
...........~.~~~~~~..###...
###..##+###.#~..≈.♣... #...
#..............#.# #.#.
.....##.......# #.#.
.#..........#.# ....
....#......$#$# .....
.##....@.....?. .
#.#.#g#####.# #.#.#.. .# .
#..... # ###..#. ....[. ..#.
.# ##### #


You could see a goblin.

Vanquished Creatures
  3 ball pythons (D:1)
  An endoplasm (D:1)
  A giant cockroach (D:1)
  A quokka (D:1)
  A kobold (D:1)
7 creatures vanquished.

Notes
Turn   | Place    | Note
-------+----------+-------------------------------------------
     0 | D:1      | tilp the Vampire Enchanter began the quest for the Orb.
     0 | D:1      | Reached XP level 1. HP: 13/13 MP: 3/3
   168 | D:1      | Reached XP level 2. HP: 1/15 MP: 5/5
   169 | D:1      | Slain by a goblin

Illustrated notes

Levels and vault maps discovered:
D:1:      psy_arrival_terrarium, layout_basic, serial_rivers,
          chequers_serial_rivers_room_b, chequers_serial_rivers_large_b,
          chequers_serial_rivers_small_b, chequers_serial_rivers_marsh,
          chequers_serial_rivers_room_b, chequers_serial_rivers_micro_e,
          dreamdust_ecumenical_altar_statues, fountainhead, fountainhead,
          st_stairs_12

Action                     || total
---------------------------++-------
  Melee: Dagger            ||    19
         Bite              ||     2
Ability: Exsanguinate      ||     1
   Stab: Sleeping          ||     1
 Armour: Robe              ||    11
  Dodge: Dodged            ||    16

Table legend: (Time is in decaauts)
 A = Elapsed time spent in this place.
 B = Non-inter-level travel time spent in this place.
 C = Inter-level travel time spent in this place.
 D = Time resting spent in this place.
 E = Time spent auto-exploring this place.
 F = Levels seen in this place.
 G = Mean time per level.
                   A        B        C        D        E       F      G
               +--------+--------+--------+--------+--------+-----+--------+
         Total |    168 |    168 |      0 |      5 |     85 |   1 |  168.0 |
       Dungeon |    168 |    168 |      0 |      5 |     85 |   1 |  168.0 |
               +--------+--------+--------+--------+--------+-----+--------+

Top non-repeatable levels by time:
     D:1: 168 daAuts
